 Dungeon Crawl Stone Soup version 0.26.1-11-gd32895ea62 (webtiles) character file.

Game seed: 12033132930586068813

8102 bnorton916 the Destroyer (level 11, -2/54 HPs)
             Began as a Deep Elf Conjurer on July 15, 2021.
             Was an Elder of Vehumet.
             Slain by a seven-headed hydra (11 damage)
             ... on level 11 of the Dungeon.
             The game lasted 00:37:22 (20823 turns).

bnorton916 the Destroyer (Deep Elf Conjurer)       Turns: 20823, Time: 00:37:23

Health: -2/54      AC:  7    Str:  4    XL:     11   Next: 5%
Magic:  9/23       EV: 13    Int: 27    God:    Vehumet [****..]
Gold:   137        SH:  0    Dex: 13    Spells: 6/24 levels left

rFire    . . .     SeeInvis .   I - staff of earth
rCold    . . .     Faith    .   (no shield)
rNeg     + . .     Spirit   .   M - +0 robe {rN+}
rPois    .         Reflect  .   q - +2 helmet
rElec    .         Harm     .   d - +0 cloak
rCorr    +         Rampage  .   B - +0 pair of gloves
Will     +....                  (no boots)
Stlth    ++........             (no amulet)
HPRegen  0.18/turn              b - ring of wizardry
MPRegen  0.18/turn              y - ring of resist corrosion

@: no status effects
A: no striking features
a: Renounce Religion


You were on level 11 of the Dungeon.
You worshipped Vehumet.
Vehumet was greatly pleased with you.
You visited 2 branches of the dungeon, and saw 12 of its levels.
You also visited: Ossuary.

You collected 632 gold pieces.
You spent 495 gold pieces at shops.

Inventory:

Hand Weapons
 p - a +1 short sword of speed
 s - a +2 vampiric whip
Missiles
 c - 201 stones
 r - 6 atropa-tipped darts
Armour
 d - a +0 cloak (worn)
 q - a +2 helmet (worn)
 x - a +0 buckler
 B - a +0 pair of gloves (worn)
 M - a +0 robe of positive energy (worn)
Magical Staves
 I - an uncursed staff of earth (weapon)
Jewellery
 b - a ring of wizardry (left hand)
 y - a ring of resist corrosion (right hand)
 F - a +6 ring of dexterity {unknown}
Wands
 t - a wand of paralysis (6)
 v - a wand of digging (3)
 w - a wand of iceblast (21)
 J - a wand of random effects (22)
Scrolls
 e - 8 scrolls of teleportation
 f - 3 scrolls of enchant armour
 j - 5 scrolls of magic mapping
 k - a scroll of fear {unknown}
 l - 2 scrolls of fog
 m - 2 scrolls of remove curse
 E - 2 scrolls of amnesia
 G - 4 scrolls of identify
 K - a scroll of enchant weapon
 L - a scroll of summoning {unknown}
Potions
 g - a potion of mutation
 h - a potion of invisibility {unknown}
 i - 3 potions of curing
 n - a potion of heal wounds
 o - 5 potions of haste
 u - 4 potions of lignification
 z - 2 potions of might
 A - 2 potions of ambrosia
 C - a potion of resistance
 D - a potion of brilliance {unknown}
 H - 2 potions of degeneration {unknown}


   Skills:
 - Level 2.4 Dodging
 - Level 2.4 Stealth
 + Level 7.2 Spellcasting
 + Level 12.6 Conjurations
 - Level 7.7 Hexes
 - Level 6.4 Translocations
 + Level 5.5 Ice Magic
 - Level 7.3 Earth Magic


You had 6 spell levels left.
You knew the following spells:

 Your Spells              Type           Power        Failure   Level
a - Magic Dart            Conj           100%         1%          1
b - Sandblast             Erth           100%         1%          1
c - Frozen Ramparts       Ice            78%          1%          3
d - Fulminant Prism       Conj/Hex       29%          1%          4
e - Iskenderun's Mystic   Conj/Tloc      57%          1%          4
f - Searing Ray           Conj           100%         1%          2
g - Stone Arrow           Conj/Erth      100%         1%          3

Your spell library contained the following spells:

 Spells                   Type           Power        Failure   Level
 Ignite Poison            Fire/Tmut/Pois 9%           2%          3
 Apportation              Tloc           88%          1%          1
 Foxfire                  Conj/Fire      100%         1%          1
 Blink                    Tloc           N/A          1%          2
 Slow                     Hex            51%          1%          2
 Conjure Flame            Conj/Fire      43%          1%          3
 Dazzling Flash           Conj/Hex       100%         1%          3
 Inner Flame              Hex/Fire       30%          1%          3
 Lesser Beckoning         Tloc           22%          1%          3
 Mephitic Cloud           Conj/Pois/Air  32%          1%          3
 Tukima's Dance           Hex            51%          1%          3
 Sticky Flame             Conj/Fire      43%          1%          4
 Bolt of Magma            Conj/Fire/Erth 31%          1%          5
 Fireball                 Conj/Fire      21%          1%          5
 Iskenderun's Battlesphe  Conj           67%          1%          5
 Iron Shot                Conj/Erth      38%          1%          6
 Call Imp                 Summ           9%           3%          2
 Poisonous Vapours        Pois/Air       18%          3%          2
 Freezing Cloud           Conj/Ice/Air   21%          9%          6
 Invisibility             Hex            51%          14%         6
 Alistair's Intoxication  Tmut/Pois      6%           52%         5
 Orb of Destruction       Conj           33%          3%          7
 Spellforged Servitor     Conj/Summ      21%          34%         7


Dungeon Overview and Level Annotations

Branches:
Dungeon (11/15)            Temple (1/1) D:4             Orc (0/2) D:9
Ossuary (visited)
   Lair: D:8-11

Altars:
Ashenzari
Cheibriados
Dithmenos
Elyvilon
Fedhas
Gozag
Hepliaklqana
Kikubaaqudgha
Makhleb
Nemelex Xobeh
Okawaru
Qazlal
Ru
Sif Muna
Trog
Uskayaw
Vehumet
Wu Jian
Xom
Yredelemnul
Zin
The Shining One

Shops:
D:6 :   D:9 !


Message History

The blast of sand hits the seven-headed hydra!
The seven-headed hydra is moderately wounded.
c - 201 stones Your fulminant prism crackles loudly.
Your fulminant prism explodes!
The blast of energy engulfs the bullfrog zombie!
The bullfrog zombie is heavily damaged.
The blast of energy engulfs the howler monkey zombie!
You destroy the howler monkey zombie!
Vehumet accepts your kill.
You feel your power returning.
The blast of energy engulfs the seven-headed hydra!!
The seven-headed hydra is heavily wounded.
You hear a shout!
Unknown command.
The seven-headed hydra bites you! x2; The seven-headed hydra misses you.
The seven-headed hydra bites you. The seven-headed hydra bites you!
* * * LOW HITPOINT WARNING * * *
The seven-headed hydra bites you!
You die...

#. #+#
#####.######...
#.........#....
[..............
.......*.......
...).....?.....
♣......JZ..>...
.....)o@D......
...$))....#....
#...>.....# .
......=...#
##.######## #


You could see a seven-headed hydra, an orc warrior, a jelly, a bullfrog zombie
and a friendly fulminant prism.

Vanquished Creatures
  A tengu warrior (D:10)
  The ghost of vvl the Insei, a novice OpTm (D:4)
  Prince Ribbit (D:7)
  A wraith (Ossuary)
  6 yaks (D:9)
  A wyvern (D:8)
  A steam dragon (D:7)
  Edmund (D:3)
  A water moccasin (D:10)
  6 orc warriors
  A phantom (D:5)
  A black bear (D:10)
  4 ice beasts
  A hornet zombie (D:7)
  2 sky beasts
  An ogre (D:7)
  3 centaurs
  2 big kobolds
  8 bullfrogs
  A water moccasin skeleton (D:4)
  3 scorpions
  A killer bee (D:7)
  13 wights
  A centaur zombie (D:8)
  2 howler monkeys (D:7)
  A bullfrog zombie (D:5)
  A quasit (D:8)
  5 jellies
  5 orc priests
  10 hounds
  12 orc wizards
  2 bullfrog skeletons (D:4)
  3 centaur skeletons
  An iguana (D:5)
  Terence (D:1)
  16 worker ants
  Ijyb (D:3)
  A hound zombie (D:7)
  2 hound skeletons
  A mummy (Ossuary)
  A howler monkey zombie (D:11)
  A worker ant zombie (D:9)
  Robin (D:2)
  2 gnolls
  13 adders
  A shadow imp (D:5)
  3 white imps
  An ufetubus (D:5)
  3 adder skeletons
  2 adder zombies
  8 worms
  3 dart slugs
  10 leopard geckos
  43 orcs
  A ball python (D:4)
  8 giant cockroaches
  15 goblins
  8 hobgoblins
  6 jackals
  5 quokkas
  12 bats
  5 frilled lizards
  6 gnoll skeletons (Ossuary)
  A jackal skeleton (D:8)
  3 jackal zombies
  17 kobolds
  7 kobold skeletons (Ossuary)
  2 leopard gecko skeletons
  12 orc skeletons (Ossuary)
  4 quokka zombies
  11 rats
  A fulminant prism (D:4)
342 creatures vanquished.

Vanquished Creatures (others)
  37 fulminant prisms
37 creatures vanquished.

Grand Total: 379 creatures vanquished

Notes
Turn   | Place    | Note
-------+----------+-------------------------------------------
     0 | D:1      | bnorton916 the Deep Elf Conjurer began the quest for the
                  | Orb.
     0 | D:1      | Reached XP level 1. HP: 10/10 MP: 6/6
   178 | D:1      | Reached XP level 2. HP: 15/15 MP: 5/8
   747 | D:1      | Reached skill level 5 in Conjurations
   747 | D:1      | Reached XP level 3. HP: 19/19 MP: 6/10
   750 | D:1      | Learned a level 2 spell: Searing Ray
   754 | D:1      | Learned a level 3 spell: Dazzling Flash
  1266 | D:1      | Found a snail-covered altar of Cheibriados.
  1338 | D:2      | Noticed Terence
  1365 | D:1      | Killed Terence
  1366 | D:1      | Reached XP level 4. HP: 5/24 MP: 3/12
  1816 | D:2      | Noticed Robin
  1831 | D:2      | Reached skill level 5 in Spellcasting
  2028 | D:1      | Learned a level 4 spell: Fulminant Prism
  2158 | D:2      | Killed Robin
  2580 | D:2      | Reached XP level 5. HP: 25/28 MP: 9/15
  2707 | D:2      | Reached skill level 6 in Conjurations
  2729 | D:2      | Learned a level 4 spell: Iskenderun's Mystic Blast
  3412 | D:3      | Reached skill level 1 in Hexes
  3711 | D:3      | Noticed Ijyb
  3723 | D:3      | Killed Ijyb
  3724 | D:3      | Reached skill level 1 in Translocations
  4620 | D:4      | Reached XP level 6. HP: 32/32 MP: 11/16
  4651 | D:4      | Noticed Edmund
  4908 | D:3      | Killed Edmund
  5095 | D:4      | Found a transporter.
  5097 | D:4      | Found a transporter.
  5099 | D:4      | Noticed vvl's ghost (novice OpTm)
  5802 | D:4      | Found a staircase to the Ecumenical Temple.
  5930 | Temple   | Entered the Ecumenical Temple
  6041 | Temple   | Became a worshipper of Vehumet
  6101 | D:5      | Entered Level 5 of the Dungeon
  6106 | D:5      | Reached XP level 7. HP: 36/36 MP: 11/17
  6715 | D:5      | Reached skill level 7 in Conjurations
  7309 | D:5      | Reached skill level 5 in Hexes
  7870 | D:5      | Reached XP level 8. HP: 41/41 MP: 9/18
  8394 | D:6      | Reached skill level 8 in Conjurations
  8511 | D:6      | Reached skill level 5 in Translocations
  8857 | D:6      | Reached * piety under Vehumet
  8857 | D:6      | Offered knowledge of Sandblast by Vehumet.
  9583 | D:6      | Found a runed translucent door.
  9586 | D:6      | Found a runed translucent door.
 10272 | D:6      | Found Xecwoy's Book Boutique.
 10319 | D:6      | Reached skill level 9 in Conjurations
 10321 | D:6      | Learned a level 1 spell: Sandblast
 10408 | D:6      | Reached XP level 9. HP: 39/45 MP: 14/19
 10515 | D:7      | Reached skill level 1 in Earth Magic
 10638 | D:7      | Offered knowledge of Freeze by Vehumet.
 10903 | D:7      | Found a sacrificial altar of Ru.
 10953 | D:7      | Found a sand-covered staircase.
 10965 | Ossuary  | Entered an ossuary
 10988 | Ossuary  | Reached ** piety under Vehumet
 12781 | D:7      | Noticed Prince Ribbit
 12786 | D:7      | Reached skill level 10 in Conjurations
 12787 | D:7      | Killed Prince Ribbit
 13014 | D:7      | Reached skill level 5 in Earth Magic
 13180 | D:7      | Offered knowledge of Stone Arrow by Vehumet.
 13185 | D:7      | Learned a level 3 spell: Stone Arrow
 15169 | D:8      | Reached *** piety under Vehumet
 15339 | D:4      | Killed vvl's ghost
 15340 | D:4      | Reached skill level 11 in Conjurations
 15340 | D:4      | Reached XP level 10. HP: 37/50 MP: 9/20
 16799 | D:8      | Found a basalt altar of Yredelemnul.
 17167 | D:9      | Found a staircase to the Orcish Mines.
 17483 | D:9      | Offered knowledge of Frozen Ramparts by Vehumet.
 17488 | D:9      | Learned a level 3 spell: Frozen Ramparts
 17758 | D:9      | Reached skill level 1 in Ice Magic
 18359 | D:9      | Reached skill level 12 in Conjurations
 18919 | D:9      | Found Etived's Distillery.
 19014 | D:6      | Bought a book of Power for 495 gold pieces
 19334 | D:10     | Entered Level 10 of the Dungeon
 19352 | D:10     | Reached **** piety under Vehumet
 20067 | D:10     | Reached skill level 5 in Ice Magic
 20125 | D:10     | Offered knowledge of Ignite Poison by Vehumet.
 20198 | D:10     | Noticed a tengu warrior
 20450 | D:10     | Killed a tengu warrior
 20451 | D:10     | Reached XP level 11. HP: 54/54 MP: 15/23
 20817 | D:11     | Noticed a seven-headed hydra
 20823 | D:11     | Slain by a seven-headed hydra

Illustrated notes

Levels and vault maps discovered:
D:1:      dpeg_arrival_water_altar, layout_loops_ring, minmay_vboxes
D:2:      layout_loops_ring, st_stairs_8, minmay_3d_cube, uniq_terence,
          uniq_robin
D:3:      layout_loops_ring, uniq_ijyb
D:4:      layout_cave_pools, temple_green, gammafunk_ghost_mausoleum,
          eino_curves_01, uniq_edmund
D:5:      layout_layer_cave, eino_tiny_chamber
D:6:      lemuel_insect_pit, layout_loops_cross, serial_shops, shop_fountains
D:7:      layout_cave_pods, enter_ossuary_4, st_stairs_3,
          chequers_serial_rivers_large_b, nicolae_ru_sacrificial_ziggurat,
          uniq_prince_ribbit1
D:8:      layout_loops_ring, old_standard_altar, kennysheep_dice
D:9:      layout_layer_cave, orc_0_dummy, serial_shops, nicolae_shop_trees
D:10:     layout_loops_cross, dk_noncrumbling_3, minmay_microvault
D:11:     layout_loops_corners, dpeg_lair_monsters, enter_bailey_5,
          serial_shops, bzr_firewalk, serial_park_tiny_1, uniq_fannar,
          uniq_sonja, uniq_gastronok
Temple:   kilobyte_greek_temple

Skill      XL: |  1  2  3  4  5  6  7  8  9 10 |
---------------+-------------------------------+-----
Spellcasting   | 4 5 7 |  7.2
Conjurations   | 5 6 7 9 11 12 | 12.6
Hexes          | 2 3 5 7 |  7.7
Translocations | 1 3 4 6 |  6.4
Earth Magic    | 6 7 |  7.3
Ice Magic      | 5 |  5.5
Dodging        | |  2.4
Stealth        | |  2.4

Action                   |  1- 3 |  4- 6 |  7- 9 | 10-12 || total
-------------------------+-------+-------+-------+-------++-------
Melee: Unarmed           |     2 |       |       |       ||     2
       Short sword       |       |     6 |    21 |       ||    27
       Staff             |       |       |       |     2 ||     2
 Cast: Magic Dart        |    60 |   162 |   197 |    85 ||   504
       Searing Ray       |     2 |     9 |    33 |     4 ||    48
       Fulminant Prism   |       |     4 |    27 |     8 ||    39
       Iskenderun's Myst |       |     1 |    14 |     6 ||    21
       Stone Arrow       |       |       |     3 |    11 ||    14
       Dazzling Flash    |       |       |     1 |       ||     1
       Sandblast         |       |       |       |    79 ||    79
       Frozen Ramparts   |       |       |       |     2 ||     2
  Use: Scroll            |       |     3 |    18 |       ||    21
       Potion            |       |       |     1 |     2 ||     3
 Stab: Sleeping          |       |     1 |       |       ||     1
Armor: Robe              |    14 |    14 |    35 |    20 ||    83
Dodge: Dodged            |    22 |    57 |    77 |    57 ||   213
